 Dungeon Crawl Stone Soup version 0.31-a0-609-g7bf6ffcfed (webtiles) character file.

Game seed: 3612390645625327883

3239 innerfire43 the Grappler (level 9, -3/68 HPs)
             Began as a Gnoll Shapeshifter on Aug 21, 2023.
             Was a Follower of Qazlal.
             Slain by a fire elemental (8 damage)
             ... created by the fiery vengeance of Ignis
             ... on level 7 of the Dungeon.
             The game lasted 00:10:11 (6436 turns).

innerfire43 the Grappler (Gnoll Shapeshifter)       Turns: 6436, Time: 00:10:11

Health: -3/68      AC:  7    Str: 19    XL:     9   Next: 99%
Magic:  0/16       EV: 14    Int:  7    God:    Qazlal [*.....]
Gold:   228        SH:  1    Dex: 13    Spells: 17/17 levels left

rFire   . .          .
                       - Unarmed
rCold   . . .        (shield currently unavailable)
rNeg    + . .        g - +4 Cigotuvi's embrace {Corpsefed rMiasma Drain rN+}
rPois   .            (no helmet)
rElec   .            (no cloak)
rCorr   .            (no gloves)
SInv    .            (no boots)
Will    .....        w - amulet of guardian spirit
Stlth   +            (no ring)
HPRegen 0.31/turn    (no ring)
MPRegen 0.15/turn

%: guardian spirit
@: flux-form, glowing, fire susceptible
A: glow, contaminating, fangs 1, strong nose, distributed training
a: Begin Untransformation, Renounce Religion


You were on level 7 of the Dungeon.
You worshipped Qazlal.
Qazlal was aware of your devotion.
You were something dangerously unstable.
You visited 2 branches of the dungeon, and saw 8 of its levels.

You collected 1174 gold pieces.
You spent 946 gold pieces at shops.

Inventory:

Hand Weapons
 z - a +5 dire flail
 A - a +4 falchion of freezing
 B - a +3 spectral quarterstaff
Armour
 a - a +0 animal skin
 g - the +4 Cigotuvi's embrace (worn) {Corpsefed rMiasma Drain rN+}
   (You bought it in a shop on level 4 of the Dungeon)

   Corpsefed: It gathers nearby corpses to temporarily increase the armour it
   provides.
   rMiasma:   It protects you from foul pestilence.
   rN+:       It protects you from negative energy.
   Drain:     It drains your maximum health when unequipped.
Jewellery
 w - an amulet of guardian spirit (around neck)
Talismans
 c - a beast talisman
 d - a flux talisman (active)
 k - a serpent talisman
Wands
 s - a wand of paralysis (9)
 v - a wand of flame (33)
Scrolls
 h - 4 scrolls of teleportation
 j - 3 scrolls of summoning
 l - 3 scrolls of identify
 m - 3 scrolls of vulnerability
 p - a scroll of poison
 y - a scroll of fog
Potions
 b - 2 potions of lignification
 e - a potion of brilliance
 f - a potion of enlightenment
 n - a potion of heal wounds
 o - 2 potions of curing
 q - a potion of ambrosia {unknown}
 r - 3 potions of degeneration
 t - a potion of berserk rage
 u - a potion of attraction {unknown}
 x - a potion of magic {unknown}
Miscellaneous
 i - a lightning rod (4/4)


   Skills:
 + Level 5.5 Fighting
 + Level 4.8 Short Blades
 + Level 4.8 Long Blades
 + Level 4.8 Axes
 + Level 4.8 Maces & Flails
 + Level 4.8 Polearms
 + Level 4.8 Staves
 + Level 4.8 Ranged Weapons
 + Level 4.8 Throwing
 + Level 4.8 Armour
 + Level 6.7 Dodging
 + Level 4.8 Stealth
 + Level 4.8 Shields
 + Level 8.2 Unarmed Combat
 + Level 4.8 Spellcasting
 + Level 4.0 Conjurations
 + Level 4.0 Hexes
 + Level 4.0 Summonings
 + Level 4.0 Necromancy
 + Level 4.0 Translocations
 + Level 4.0 Transmutations
 + Level 4.0 Fire Magic
 + Level 4.0 Ice Magic
 + Level 4.0 Air Magic
 + Level 4.0 Earth Magic
 + Level 4.0 Poison Magic
 + Level 5.3 Invocations
 + Level 4.8 Evocations
 + Level 7.7 Shapeshifting


You had 17 spell levels left.
You didn't know any spells.
Your spell library contained the following spells:

 Spells                   Type           Power      Damage    Failure   Level
 Stone Arrow              Conj/Erth      14%        3d7       19%         3
 Animate Armour           Summ/Erth      14%        N/A       52%         4
 Lehudib's Crystal Spear  Conj/Erth      3%         10d3      100%        8


Dungeon Overview and Level Annotations

Branches:
Dungeon (7/15)             Temple (1/1) D:6

Altars:
Ashenzari
Cheibriados
Dithmenos
Elyvilon
Fedhas
Gozag
Hepliaklqana
Kikubaaqudgha
Nemelex Xobeh
Okawaru
Qazlal
Ru
Sif Muna
Vehumet
Wu Jian
Xom
Yredelemnul
Ignis

Shops:
D:4 [   D:5 *


Innate Abilities, Weirdness & Mutations

You are something dangerously unstable.
You glow with magical radiation, making you easy to see and hit.
Foes you strike become dangerously contaminated with magical radiation.
You are incapable of wielding weapons or throwing items.
You have very sharp teeth.
Your uncanny sense of smell can sniff out nearby items.
Your experience applies equally to all skills.


Message History

The fire elemental hits you. The fire elemental burns you!
The fire elemental completely misses you.
The fire elemental misses you. The fire elemental hits you.
The fire elemental burns you! The fire elemental barely misses you.
You hit the fire elemental but do no damage.
The fire elemental begins to glow.
The fire elemental closely misses you.
You hit the fire elemental.
The fire elemental glows dangerously bright.
The fire elemental is lightly damaged.
The fire elemental closely misses you.
You closely miss the fire elemental.
The fire elemental is lightly damaged.
The fire elemental barely misses you. The fire elemental hits you.
The fire elemental burns you!
You barely miss the fire elemental.
The fire elemental is lightly damaged.
The fire elemental closely misses you. x2
You hit the fire elemental.
The fire elemental shudders as magic cascades through it.
The fire elemental is heavily damaged.
The fire elemental hits you. The fire elemental burns you!
The fire elemental barely misses you.
Unknown command.
You closely miss the fire elemental.
The fire elemental is moderately damaged.
The fire elemental closely misses you. The fire elemental hits you.
The fire elemental burns you! The fire elemental hits you.
The fire elemental burns you!
* * * LOW HITPOINT WARNING * * *
Unknown command.
You hit the fire elemental.
The fire elemental begins to glow.
You bite the fire elemental, but do no damage.
The fire elemental is heavily damaged.
The fire elemental misses you. The fire elemental hits you.
* * * LOW HITPOINT WARNING * * *
The fire elemental burns you!
* * * LOW HITPOINT WARNING * * *
The fire elemental hits you. The fire elemental burns you!
You die...

##### #.# .# #...# ..
#.# #...# #.## #.. #...#
..# #.# ### #...####
#.#####.# ..# ##......#
#..°....# #.#
#.......###..####.####.#
#.#....BE......°°.......
#.##.##E###...###.####°#
#..○○##E# #.#...#.○E°○E.
###°###.# #.#...######.#
#..○..# #.#........).#
####### #.##(.######.#
#.#........#.#
#.###...##.### ..
###.......


You could see 3 fire elementals.

Vanquished Creatures
  Joseph (D:7)
  A water moccasin (D:6)
  2 ice beasts
  2 black bears
  2 orc warriors
  A centaur (D:7)
  3 ogres
  A phantom (D:7)
  2 kobold brigands
  4 bullfrogs
  5 scorpions
  8 wights (D:7)
  3 howler monkeys
  2 hounds
  2 orc priests (D:4)
  2 jellies
  A sleepcap (D:7)
  4 iguanas
  An orc wizard (D:3)
  Robin (D:2)
  13 adders
  3 gnolls (D:4)
  A white imp (D:5)
  A worm (D:3)
  2 dart slugs
  22 orcs
  5 endoplasms
  2 giant cockroaches
  7 goblins
  3 hobgoblins (D:2)
  6 jackals
  12 kobolds
  2 quokkas
  11 ball pythons
  3 bats
  12 frilled lizards
  5 rats
158 creatures vanquished.

Notes
Turn   | Place    | Note
-------+----------+-------------------------------------------
     0 | D:1      | innerfire43 the Gnoll Shapeshifter began the quest for the
                  | Orb.
     0 | D:1      | Reached XP level 1. HP: 17/17 MP: 1/1
   299 | D:1      | Found a faded altar of an unknown god.
   365 | D:1      | Reached XP level 2. HP: 13/23 MP: 2/2
   831 | D:1      | Prayed at the altar of an unknown god.
   831 | D:1      | Became a worshipper of Ignis, the Dying Flame
   858 | D:2      | Reached XP level 3. HP: 5/28 MP: 3/3
   862 | D:2      | HP: 2/42 [poisoned by an adder]
  1009 | D:2      | Reached skill level 1 in Invocations
  1195 | D:2      | Noticed Robin
  1198 | D:2      | Reached skill level 1 in Short Blades
  1198 | D:2      | Reached skill level 1 in Long Blades
  1198 | D:2      | Reached skill level 1 in Axes
  1198 | D:2      | Reached skill level 1 in Maces & Flails
  1198 | D:2      | Reached skill level 1 in Polearms
  1198 | D:2      | Reached skill level 1 in Staves
  1198 | D:2      | Reached skill level 1 in Ranged Weapons
  1198 | D:2      | Reached skill level 1 in Throwing
  1198 | D:2      | Reached skill level 1 in Armour
  1198 | D:2      | Reached skill level 1 in Stealth
  1198 | D:2      | Reached skill level 1 in Shields
  1198 | D:2      | Reached skill level 1 in Spellcasting
  1198 | D:2      | Reached skill level 1 in Evocations
  1217 | D:2      | HP: 2/42 [Robin/+0 short sword (4)]
  1218 | D:2      | Killed Robin
  1219 | D:2      | Reached XP level 4. HP: 3/34 MP: 5/5
  1658 | D:2      | Reached skill level 1 in Conjurations
  1658 | D:2      | Reached skill level 1 in Hexes
  1658 | D:2      | Reached skill level 1 in Summonings
  1658 | D:2      | Reached skill level 1 in Necromancy
  1658 | D:2      | Reached skill level 1 in Translocations
  1658 | D:2      | Reached skill level 1 in Transmutations
  1658 | D:2      | Reached skill level 1 in Fire Magic
  1658 | D:2      | Reached skill level 1 in Ice Magic
  1658 | D:2      | Reached skill level 1 in Air Magic
  1658 | D:2      | Reached skill level 1 in Earth Magic
  1658 | D:2      | Reached skill level 1 in Poison Magic
  1998 | D:3      | Found an opulent altar of Gozag.
  2271 | D:3      | Noticed a scorpion
  2276 | D:3      | Killed a scorpion
  2277 | D:3      | Reached XP level 5. HP: 33/41 MP: 5/7
  2968 | D:4      | Found a shimmering blue altar of Sif Muna.
  3086 | D:4      | Reached XP level 6. HP: 47/47 MP: 8/8
  3193 | D:4      | Reached skill level 5 in Dodging
  3410 | D:4      | Found a shadowy altar of Dithmenos.
  3487 | D:4      | Noticed an orc warrior
  3500 | D:4      | Killed an orc warrior
  3501 | D:4      | Reached skill level 7 in Unarmed Combat
  3501 | D:4      | Reached XP level 7. HP: 14/52 MP: 10/10
  3765 | D:4      | Found Mej Girr's Armour Shoppe.
  4155 | D:5      | Entered Level 5 of the Dungeon
  4399 | D:5      | Reached XP level 8. HP: 60/60 MP: 12/12
  4568 | D:5      | Found Fopsorud's Elemental Accessories.
  5070 | D:5      | Identified a scroll of acquirement
  5070 | D:5      | Acquired 877 gold pieces
  5140 | D:4      | Bought the +4 Cigotuvi's embrace {Corpsefed rMiasma Drain
                  | rN+} for 386 gold pieces
  5140 | D:4      | Found the +4 Cigotuvi's embrace {Corpsefed rMiasma Drain
                  | rN+}
  5244 | D:5      | Bought a lightning rod (4/4) for 560 gold pieces
  5370 | D:6      | Found a snail-covered altar of Cheibriados.
  5668 | D:6      | Found a staircase to the Ecumenical Temple.
  5725 | D:6      | Reached XP level 9. HP: 57/66 MP: 12/14
  5931 | Temple   | Entered the Ecumenical Temple
  5950 | Temple   | Fell from the grace of Ignis
  5950 | Temple   | Became a worshipper of Qazlal Stormbringer
  6101 | D:7      | Noticed Joseph
  6104 | D:7      | Reached skill level 5 in Fighting
  6137 | D:7      | Killed Joseph
  6138 | D:7      | Reached skill level 8 in Unarmed Combat
  6155 | D:7      | Reached skill level 5 in Invocations
  6185 | D:7      | Reached * piety under Qazlal
  6436 | D:7      | Slain by a fire elemental

Illustrated notes

Levels and vault maps discovered:
D:1:      dpeg_arrival_water_temple_mockup, layout_loops_ring,
          chequers_ecumenical_altar_simple_redux,
          hangedman_abyss_or_decor_stabs, chequers_serial_rivers_small_a,
          minmay_lizard_pond
D:2:      layout_loops_ring, minmay_3d_cube, uniq_robin
D:3:      layout_loops_corners, grunt_gozag_statues, minmay_liquid_box
D:4:      layout_basic, mainiacjoe_overflow_concentric_impassable,
          grunt_dithmenos_smoke, serial_shops, nicolae_shop_tiny_real_fake_doors
D:5:      layout_rooms, nicolae_elemental_shop
D:6:      kennysheep_spiral_hall, layout_rooms,
          mainiacjoe_overflow_tiny_flanked, minmay_temple_entry_antechambers
D:7:      layout_basic, nicolae_uskayaw_dance_studio, makhleb_altar_promises_db,
          minmay_fractal_squares_diagonal_5, uniq_joseph
Temple:   nicolae_temple_figure_eight

Skill      XL: |  1  2  3  4  5  6  7  8  9 |
---------------+----------------------------+-----
Invocations    | 1 2 3 4 5 |  5.3
Short Blades   | 1 2 3 4 |  4.8
Long Blades    | 1 2 3 4 |  4.8
Axes           | 1 2 3 4 |  4.8
Maces & Flails | 1 2 3 4 |  4.8
Polearms       | 1 2 3 4 |  4.8
Staves         | 1 2 3 4 |  4.8
Ranged Weapons | 1 2 3 4 |  4.8
Throwing       | 1 2 3 4 |  4.8
Armour         | 1 2 3 4 |  4.8
Stealth        | 1 2 3 4 |  4.8
Shields        | 1 2 3 4 |  4.8
Spellcasting   | 1 2 3 4 |  4.8
Evocations     | 1 2 3 4 |  4.8
Conjurations   | 1 2 3 4 |  4.0
Hexes          | 1 2 3 4 |  4.0
Summonings     | 1 2 3 4 |  4.0
Necromancy     | 1 2 3 4 |  4.0
Translocations | 1 2 3 4 |  4.0
Transmutations | 1 2 3 4 |  4.0
Fire Magic     | 1 2 3 4 |  4.0
Ice Magic      | 1 2 3 4 |  4.0
Air Magic      | 1 2 3 4 |  4.0
Earth Magic    | 1 2 3 4 |  4.0
Poison Magic   | 1 2 3 4 |  4.0
Fighting       | 3 4 5 |  5.5
Dodging        | 5 6 |  6.7
Unarmed Combat | 7 8 |  8.2
Shapeshifting  | 7 |  7.7

Action                     |  1- 3 |  4- 6 |  7- 9 || total
---------------------------+-------+-------+-------++-------
  Melee: Unarmed           |    90 |   170 |   293 ||   553
         Bite              |     5 |    21 |    43 ||    69
         Punch             |     1 |       |       ||     1
    Use: Potion            |     4 |       |     5 ||     9
         Scroll            |       |       |    11 ||    11
   Stab: Sleeping          |       |     1 |       ||     1
 Armour: Animal skin       |    18 |    15 |    12 ||    45
         Skin              |    11 |       |       ||    11
         Leather armour    |       |       |    78 ||    78
  Dodge: Dodged            |    77 |   104 |   243 ||   424
   Form: Flux              |     1 |       |       ||     1

Table legend: (Time is in decaauts)
 A = Elapsed time spent in this place.
 B = Non-inter-level travel time spent in this place.
 C = Inter-level travel time spent in this place.
 D = Time resting spent in this place.
 E = Time spent auto-exploring this place.
 F = Levels seen in this place.
 G = Mean time per level.
                   A        B        C        D        E       F      G
               +--------+--------+--------+--------+--------+-----+--------+
         Total |   6334 |   5937 |    397 |      0 |   4864 |   8 |  791.8 |
       Dungeon |   6298 |   5935 |    363 |      0 |   4864 |   7 |  899.7 |
        Temple |     36 |      2 |     34 |      0 |      0 |   1 |   36.0 |
               +--------+--------+--------+--------+--------+-----+--------+

Top non-repeatable levels by time:
     D:4: 1501 daAuts
     D:2: 1044 daAuts
     D:3: 1034 daAuts
     D:6: 855 daAuts
     D:1: 843 daAuts
     D:5: 799 daAuts
     D:7: 219 daAuts
  Temple: 36 daAuts
